 Dungeon Crawl Stone Soup version 0.24-a0-417-g1cce26a4d2 (webtiles) character file.

Game seed: 92264518733198189

20 Ilgrip the Vexing (level 2, 4/21 HPs)
             Began as a Demonspawn Arcane Marksman on June 11, 2019.
             Quit the game on level 1 of the Dungeon.
             The game lasted 00:00:57 (153 turns).

Ilgrip the Vexing (Demonspawn Arcane Marksman)       Turns: 153, Time: 00:00:58

Health: 4/21       AC:  2    Str: 10    XL:     2   Next: 58%
Magic:  3/3        EV: 12    Int: 14    God:
Gold:   10         SH:  0    Dex: 13    Spells: 2/3 levels left

rFire    . . .     SeeInvis .   a - +0 hunting sling
rCold    . . .     Gourm    .   (no shield)
rNeg     . . .     Faith    .   e - +0 robe
rPois    .         Spirit   .   (helmet restricted)
rElec    .         Reflect  .   (no cloak)
rCorr    .         Harm     .   (no gloves)
MR       .....                  (no boots)
Stlth    +.........             (no amulet)
HPRegen  0.07/turn              (no ring)
MPRegen  0.08/turn              (no ring)

@: no status effects
A: horns 1
a: no special abilities


You were on level 1 of the Dungeon.
You were not hungry.

You visited 1 branch of the dungeon, and saw 1 of its levels.

You collected 10 gold pieces.

Inventory:

Hand Weapons
 a - a +0 hunting sling (weapon)
Missiles
 b - 18 stones (quivered)
Armour
 e - a +0 robe (worn)
Scrolls
 c - a scroll of blinking {unknown}
Comestibles
 f - a ration


   Skills:
 + Level 1.0 Fighting
 + Level 2.3 Slings
 + Level 2.1 Dodging
 + Level 1.0 Spellcasting
 + Level 3.2 Hexes


You had 2 spell levels left.
You knew the following spells:

 Your Spells              Type           Power        Failure   Level  Hunger
a - Corona                Hex            #......      7%          1    ##.....

Your spell library contained the following spells:

 Spells                   Type           Power        Failure   Level  Hunger
 Slow                     Hex            #.......     11%         2    ###....
 Inner Flame              Hex/Fire       #.......     38%         3    ####...
 Portal Projectile        Hex/Tloc       #.....       38%         3    ####...
 Cause Fear               Hex            #.........   56%         4    #####..
 Leda's Liquefaction      Hex/Erth       #.........   80%         4    #####..


Dungeon Overview and Level Annotations

Branches:
Dungeon (1/15)

Altars:


Innate Abilities, Weirdness & Mutations

You have a pair of small horns on your head.


Message History

The jackal bites you. x2
* * * LOW HITPOINT WARNING * * *
Firing (i - inventory)
b - 20 stones (quivered)
Press: ? - help, Shift-Dir - straight line, f/p - jackal
Aim: a jackal You shoot a stone.
The stone closely misses the jackal.
The stone misses the jackal.
The stone completely misses the jackal.
The jackal bites you.
* * * LOW HITPOINT WARNING * * *
Firing (i - inventory)
b - 19 stones (quivered)
Press: ? - help, Shift-Dir - straight line, f/p - jackal
Aim: a jackal You shoot a stone.
The stone hits the jackal.
You kill the jackal!
The jackal closely misses you.
Sorry, you're not good enough to have a special ability.
Unknown command.
You are too injured to fight recklessly!
You are too injured to fight recklessly!
Are you sure you want to abandon this character and quit the game? (Confirm with "yes".)

.(...####
#.(h.## #..##
##h.# ###.h#
#h..## #h###
#h#
...####@##
#.......####
..#####.....#
#....####
#..### #..#
#)## ####.#
##....#


You could see 3 jackals.

Vanquished Creatures
  A dart slug (D:1)
  A giant cockroach (D:1)
  6 goblins (D:1)
  2 hobgoblins (D:1)
  A jackal (D:1)
  3 kobolds (D:1)
  A rat (D:1)
15 creatures vanquished.

Notes
Turn   | Place    | Note
-------+----------+-------------------------------------------
     0 | D:1      | Ilgrip the Demonspawn Arcane Marksman began the quest for
                  | the Orb.
     0 | D:1      | Reached XP level 1. HP: 15/15 MP: 2/2
    30 | D:1      | Gained mutation: You have a pair of small horns on your
                  | head. [demonic ancestry]
    30 | D:1      | Reached XP level 2. HP: 14/21 MP: 3/3
   153 | D:1      | Quit the game

Levels and vault maps discovered:
D:1:      lightli_arrival_chessboard, layout_rooms, st_stairs_11, minivault_25,
          nrook_campfire

Skill      XL: |  1 |
---------------+----+-----
Slings         | 2 |  2.3
Dodging        | 2 |  2.1
Fighting       | |  1.0
Spellcasting   | |  1.0
Hexes          | |  3.2

Action                   || total
-------------------------++-------
 Fire: Hunting sling     ||    49
Armor: Robe              ||     3
Dodge: Dodged            ||    21

Table legend:
 A = Non-vault XP
 B = Vault XP
 C = Vault XP percentage of total XP
 D = Non-vault monster count
 E = Vault monster count
 F = Vault count percentage of total count
                 A         B        C        D         E       F
            +---------+---------+-------+---------+---------+-------
      Total |      29 |       0 |   0.0 |      15 |       0 |   0.0
            +---------+---------+-------+---------+---------+-------
        D:1 |      29 |       0 |   0.0 |      15 |       0 |   0.0
            +---------+---------+-------+---------+---------+-------
